 Dungeon Crawl Stone Soup version 0.16-b1 (webtiles) character file.

10234 dysrexia the Zephyrmancer (level 11, -3/72 HPs)
             Began as a High Elf Air Elementalist on Mar 3, 2015.
             Was a Priest of Vehumet.
             Slain by a five-headed hydra (9 damage)
             ... on level 2 of the Lair of Beasts.
             The game lasted 00:55:19 (11205 turns).

dysrexia the Zephyrmancer (HEAE)                   Turns: 11205, Time: 00:55:20

Health: -3/72      AC:  6    Str:  7    XL:     11   Next: 33%
Magic:  6/31       EV:  7    Int: 23    God:    Vehumet [***...]
Gold:   631        SH:  0    Dex: 18    Spells: 5 memorised, 17 levels left

rFire  . . .     SeeInvis .     K - +0 shortbow
rCold  . . .     Clarity  .     a - +0 robe (curse)
rNeg   + . .     SustAb   .     (no shield)
rPois  .         Gourm    .     I - +0 helmet
rElec  .         Spirit   .     s - +0 cloak
rCorr  .         Warding  +     G - +1 pair of gloves
rMut   .         Stasis   .     (no boots)
MR     +....                    C - amulet of warding
Stlth  +++.......               u - +2 ring of dexterity
                                r - ring of stealth (curse)

@: petrifying, repel missiles, very slow, somewhat resistant to hostile
enchantments, fairly stealthy
A: no striking features
a: Renounce Religion


You were on level 2 of the Lair of Beasts.
You worshipped Vehumet.
Vehumet was most pleased with you.
You were very hungry.

You visited 3 branches of the dungeon, and saw 11 of its levels.

You collected 631 gold pieces.

Inventory:

Hand weapons
 j - a +0 club
 k - a +0 falchion
 K - a +0 shortbow (weapon)
Missiles
 d - 46 arrows (quivered)
 e - 11 poisoned arrows
Armour
 a - a cursed +0 robe (worn)
 s - a +0 cloak (worn)
 G - a +1 pair of gloves (worn)
 I - a +0 helmet (worn)
 L - a +0 leather armour of poison resistance
Jewellery
 r - a cursed ring of stealth (left hand)
 u - a +2 ring of dexterity (right hand)
 C - an amulet of warding (around neck)
 M - an uncursed ring of protection from fire {unknown}
 N - an uncursed ring of positive energy {unknown}
 P - an uncursed amulet of resist corrosion {unknown}
 Q - an uncursed ring of wizardry {unknown}
 S - an uncursed amulet of resist mutation {unknown}
Magical devices
 x - a wand of lightning (9)
 D - a wand of cold (12)
 H - a wand of hasting (3)
Scrolls
 m - 2 scrolls of enchant weapon
 o - a scroll of recharging
 p - a scroll of remove curse
 y - 2 scrolls of teleportation
 A - a scroll of magic mapping
Potions
 h - 2 potions of haste
 i - 2 potions of might
 l - a potion of heal wounds {unknown}
 n - 2 potions of ambrosia
 t - 2 potions of brilliance {unknown}
 v - a potion of restore abilities {unknown}
 w - a potion of curing
 z - 2 potions of agility {unknown}
 F - 2 potions of flight {unknown}
 J - a potion of resistance {unknown}
 O - a potion of mutation {unknown}
Books
 b - a book of Air

   Spells                             Type                      Level
   a - Shock                          Conjuration/Air              1
   b - Swiftness                      Charms/Air                   2
   c - Repel Missiles                 Charms/Air                   2
   d - Flight                         Charms/Air                   3
   e - Static Discharge               Conjuration/Air              3
   f - Lightning Bolt                 Conjuration/Air              5
 E - a book of Party Tricks

   Spells                             Type                      Level
   a - Summon Butterflies             Summoning                    1
   b - Apportation                    Translocation                1
   c - Tukima's Dance                 Hexes                        3
   d - Alistair's Intoxication        Transmutation/Poison         4
   e - Invisibility                   Hexes                        6
 R - a book of Minor Magic

   Spells                             Type                      Level
   a - Magic Dart                     Conjuration                  1
   b - Blink                          Translocation                2
   c - Call Imp                       Summoning                    2
   d - Repel Missiles                 Charms/Air                   2
   e - Slow                           Hexes                        2
   f - Conjure Flame                  Conjuration/Fire             3
   g - Mephitic Cloud                 Conjuration/Poison/Air       3
Comestibles
 c - 3 bread rations
 f - a beef jerky
 g - 3 meat rations
 B - 6 fruits


   Skills:
 + Level 5.9 Fighting
 - Level 9.4 Bows
 - Level 2.1 Dodging
 - Level 2.1 Stealth
 - Level 10.3 Spellcasting
 - Level 10.0 Conjurations
 - Level 11.4 Air Magic


You had 17 spell levels left.
You knew the following spells:

 Your Spells              Type           Power        Failure   Level  Hunger
a - Shock                 Conj/Air       ####         1%          1    None
b - Static Discharge      Conj/Air       ######..     1%          3    None
c - Swiftness             Chrm/Air       #####...     1%          2    None
d - Repel Missiles        Chrm/Air       #####.       1%          2    None
e - Lightning Bolt        Conj/Air       ######....   1%          5    ####...


Dungeon Overview and Level Annotations

Branches:
Dungeon (8/15)             Temple (1/1) D:5            Lair (2/8) D:8

Altars:
Ashenzari
Cheibriados
Dithmenos
Elyvilon
Fedhas
Gozag
Kikubaaqudgha
Makhleb
Nemelex Xobeh
Okawaru
Qazlal
Ru
Sif Muna
Trog
Vehumet
Xom
Yredelemnul
Zin
The Shining One

Shops:
D:4 *   D:8 (%%

Annotations:
D:3 Sigmund
D:6 Vidiiot's ghost, experienced HOAs
Lair:1 Fannar


Message History

Casting: Static Discharge
Confirm with . or Enter, or press ? or * to list all spells.
The five-headed hydra is struck by lightning.
The five-headed hydra is almost dead.
The lightning arcs!
The blink frog is struck by lightning.
The blink frog is lightly wounded.
The lightning arcs!
You are struck by lightning.
The lightning grounds out.
The blink frog barely misses you. The five-headed hydra bites you!
The five-headed hydra bites you!
* * * LOW HITPOINT WARNING * * *
The five-headed hydra bites you but does no damage.
The five-headed hydra bites you.
* * * LOW HITPOINT WARNING * * *
The five-headed hydra bites you!
* * * LOW HITPOINT WARNING * * *
The basilisk gazes at you.
You easily resist.
The blink frog hits you.
* * * LOW HITPOINT WARNING * * *
The five-headed hydra bites you!
You die...

#....>...... ####...........
###..............
##................
#.............#... ...
###...........###... .... ###
#...........#.##.#..
.....##(###.()(.......###.....
........)#P#..@F..>...###......
......(....(.(Dl.........(.....
F........(............l........
........................#.......
............(.(........##.......
F..P##.......................P..
.P.##.............###..........
.............P.#..(##..........
#............##.<......#.#....


You could see a five-headed hydra, a basilisk and a blink frog.

Vanquished Creatures
  A spiny frog (Lair:2)
  A komodo dragon (Lair:2)
  4 blink frogs
  3 hippogriffs
  3 water moccasins
  2 orc warriors
  5 porcupines
  2 ice beasts (D:7)
  An ogre (D:8)
  A sky beast (D:6)
  3 centaurs
  Duvessa (D:6)
  5 crocodiles
  6 giant frogs
  2 scorpions
  6 killer bees (D:8)
  A crimson imp (D:8)
  3 wights (D:7)
  Dowan (D:6)
  2 electric eels (Lair:1)
  2 goliath beetles (D:6)
  A giant frog zombie (D:5)
  8 orc priests
  8 hounds
  6 iguanas
  8 orc wizards
  2 hell rats (D:8)
  6 worker ants
  A hound skeleton (D:6)
  2 mummies
  10 adders
  3 river rats
  3 worms
  A giant mite (D:7)
  2 adder zombies
  An adder skeleton (D:7)
  4 giant geckos
  An ooze (D:4)
  26 orcs
  A ball python (D:1)
  13 bats
  2 bat skeletons
  4 giant cockroaches
  9 goblins
  12 hobgoblins
  2 jackals (D:6)
  6 quokkas
  7 giant newts
  2 giant spores
  5 kobolds
  2 quokka skeletons (D:4)
  14 rats
  6 ballistomycetes (D:6)
233 creatures vanquished.

Vanquished Creatures (others)
  An orc (D:7)
1 creature vanquished.

Grand Total: 234 creatures vanquished

Notes
Turn   | Place    | Note
--------------------------------------------------------------
     0 | D:1      | dysrexia, the High Elf Air Elementalist, began the quest for the Orb.
     0 | D:1      | Reached XP level 1. HP: 11/11 MP: 4/4
   103 | D:1      | Reached skill level 4 in Air Magic
   130 | D:1      | Reached XP level 2. HP: 12/17 MP: 0/6
   734 | D:2      | Reached XP level 3. HP: 21/21 MP: 1/8
   957 | D:2      | Learned a level 3 spell: Static Discharge
   960 | D:2      | Learned a level 2 spell: Swiftness
   976 | D:2      | Found a burning altar of Makhleb.
   984 | D:2      | Reached skill level 5 in Air Magic
  1183 | D:2      | Reached XP level 4. HP: 9/27 MP: 1/11
  1782 | D:3      | Noticed Sigmund
  2184 | D:3      | Reached XP level 5. HP: 28/31 MP: 5/12
  2585 | D:4      | HP: 1/31 [orc priest/mace (8)]
  2587 | D:4      | Found Kiedo's Elemental Accessories.
  3029 | D:4      | Reached skill level 6 in Air Magic
  3336 | D:4      | Reached XP level 6. HP: 31/36 MP: 2/15
  3687 | D:4      | Reached skill level 5 in Conjurations
  3726 | D:4      | Learned a level 2 spell: Repel Missiles
  3775 | D:5      | Entered Level 5 of the Dungeon
  3775 | D:5      | Found a sparkling altar of Nemelex Xobeh.
  3878 | D:5      | Found a burning altar of Makhleb.
  3887 | D:5      | Found a shattered altar of Ashenzari.
  4158 | D:5      | Reached skill level 7 in Air Magic
  4545 | D:5      | Found a staircase to the Ecumenical Temple.
  4553 | Temple   | Entered the Ecumenical Temple
  4610 | Temple   | Became a worshipper of Vehumet
  4664 | D:6      | Reached XP level 7. HP: 41/41 MP: 14/17
  4669 | D:6      | Reached skill level 1 in Bows
  4728 | D:6      | Noticed Duvessa
  4729 | D:6      | Noticed Dowan
  4963 | D:6      | Acquired Vehumet's first power
  4963 | D:6      | Offered knowledge of Sandblast by Vehumet.
  4997 | D:6      | Reached skill level 8 in Air Magic
  5321 | D:6      | Killed Duvessa
  5321 | D:6      | Reached XP level 8. HP: 32/46 MP: 7/18
  5328 | D:6      | Killed Dowan
  5439 | D:6      | Reached skill level 9 in Air Magic
  5763 | D:6      | Noticed Vidiiot's ghost (experienced HOAs)
  6183 | D:7      | Found a snail-covered altar of Cheibriados.
  6198 | D:7      | Reached skill level 10 in Air Magic
  6711 | D:7      | Offered knowledge of Freeze by Vehumet.
  6815 | D:7      | Reached XP level 9. HP: 51/51 MP: 17/20
  7197 | D:7      | Learned a level 5 spell: Lightning Bolt
  7350 | D:8      | Found Khelainn's Food Shop.
  7357 | D:8      | Found a bloodstained altar of Trog.
  7369 | D:8      | Reached skill level 11 in Air Magic
  7466 | D:8      | Reached skill level 10 in Conjurations
  7488 | D:8      | Found a staircase to the Lair.
  7512 | D:8      | Found Wubla's Antique Weapon Boutique.
  7752 | D:8      | Reached skill level 1 in Fighting
  7963 | D:8      | Found Wyiruzy's Food Shoppe.
  8131 | D:8      | Offered knowledge of Searing Ray by Vehumet.
  8556 | Lair:1   | Entered Level 1 of the Lair of Beasts
  9095 | Lair:1   | Noticed Fannar
  9160 | Lair:1   | Reached skill level 5 in Spellcasting
  9534 | Lair:1   | Reached XP level 10. HP: 34/63 MP: 12/25
  9797 | Lair:1   | Reached XP level 11. HP: 69/69 MP: 25/31
 10325 | Lair:2   | Acquired Vehumet's second power
 10325 | Lair:2   | Reached skill level 5 in Fighting
 10328 | Lair:2   | Noticed a five-headed hydra
 10574 | Lair:2   | Reached skill level 10 in Spellcasting
 11205 | Lair:2   | Slain by a five-headed hydra

Action                   |  1- 3 |  4- 6 |  7- 9 | 10-12 || total
-------------------------+-------+-------+-------+-------++-------
Melee: Unarmed           |     6 |       |       |       ||     6
       Falchion          |    13 |    37 |   120 |       ||   170
 Fire: Shortbow          |       |     2 |    21 |    85 ||   108
 Cast: Shock             |    52 |   123 |   171 |     8 ||   354
       Static Discharge  |     2 |    18 |    64 |    36 ||   120
       Swiftness         |       |     1 |     1 |     1 ||     3
       Repel Missiles    |       |     2 |     2 |       ||     4
       Lightning Bolt    |       |       |     8 |    18 ||    26
  Use: Scroll            |     3 |     5 |    10 |     5 ||    23
       Potion            |       |     2 |       |     1 ||     3
 Stab: Sleeping          |     1 |     2 |     2 |       ||     5
       Distracted        |       |       |     1 |       ||     1
  Eat: Chunk             |     1 |    12 |    15 |     7 ||    35
       Royal jelly       |       |     1 |       |       ||     1
       Fruit             |       |       |     1 |       ||     1
       Beef jerky        |       |       |     1 |       ||     1
       Meat ration       |       |       |     1 |       ||     1
